 Dungeon Crawl Stone Soup version 0.23.2-33-g5129a83184 (webtiles) character file.

Game seed: 598689124790490548

863 FishyPogo the Sneak (level 8, -2/44 HPs)
             Began as a Kobold Enchanter on July 29, 2019.
             Was an Initiate of Kikubaaqudgha.
             Killed from afar by an orc wizard (10 damage)
             ... with a magic dart
             ... on level 5 of the Dungeon.
             The game lasted 01:01:35 (8119 turns).

FishyPogo the Sneak (Kobold Enchanter)              Turns: 8119, Time: 01:01:35

Health: -2/44      AC:  4    Str:  6    XL:     8   Next: 23%
Magic:  5/14       EV: 18    Int: 17    God:    Kikubaaqudgha [......]
Gold:   295        SH:  0    Dex: 16    Spells: 8/15 levels left

rFire    . . .     SeeInvis .   b - +2 whip (venom)
rCold    . . .     Gourm    .   (shield restricted)
rNeg     . . .     Faith    .   f - +0 robe
rPois    .         Spirit   .   (no helmet)
rElec    .         Reflect  .   r - +1 cloak
rCorr    .         Harm     .   (no gloves)
MR       .....                  (no boots)
Stlth    +++++.....             (no amulet)
HPRegen  0.14/turn              m - ring of stealth
MPRegen  0.14/turn              (no ring)

@: no status effects
A: small, carnivore
a: Renounce Religion


You were on level 5 of the Dungeon.
You worshipped Kikubaaqudgha.
Kikubaaqudgha was noncommittal.
You were full.

You visited 2 branches of the dungeon, and saw 6 of its levels.

You collected 295 gold pieces.

Inventory:

Hand Weapons
 a - a +3 short sword
 b - a +2 whip of venom (weapon)
 l - a +1 dagger
 t - a +2 dagger of holy wrath
Missiles
 q - 51 stones (quivered)
Armour
 f - a +0 robe (worn)
 r - a +1 cloak (worn)
Jewellery
 m - a ring of stealth (left hand)
Scrolls
 c - 2 scrolls of identify
 g - 2 scrolls of teleportation
 h - 6 scrolls of remove curse
 o - a scroll of fear {unknown}
Potions
 e - a potion of curing {unknown}
 i - 3 potions of degeneration {unknown}
 j - a potion of magic {unknown}
 k - a potion of mutation {unknown}
 n - a potion of brilliance {unknown}
 s - a potion of agility {unknown}
Comestibles
 d - 10 rations


   Skills:
 - Level 2.0 Fighting
 + Level 3.7 Short Blades
 - Level 1.3 Maces & Flails
 + Level 1.7 Throwing
 * Level 5.3 Dodging
 * Level 7.0 Stealth
 + Level 4.1 Spellcasting
 + Level 4.4 Hexes


You had 8 spell levels left.
You knew the following spells:

 Your Spells              Type           Power        Failure   Level  Hunger
a - Corona                Hex            ###....      2%          1    None
b - Tukima's Dance        Hex            ###.....     8%          3    ###....
c - Confuse               Hex            ###.....     8%          3    ###....

Your spell library contained the following spells:

 Spells                   Type           Power        Failure   Level  Hunger
 Ensorcelled Hibernation  Hex/Ice        ##....       10%         2    ##.....
 Dazzling Spray           Conj/Hex       ##....       19%         3    ###....


Dungeon Overview and Level Annotations

Branches:
Dungeon (5/15)             Temple (1/1) D:5

Altars:
Ashenzari
Cheibriados
Dithmenos
Elyvilon
Fedhas
Gozag
Hepliaklqana
Kikubaaqudgha
Makhleb
Okawaru
Ru
Sif Muna
Trog
Vehumet
Wu Jian
Xom
Yredelemnul
The Shining One

Annotations:
D:5 Dowan, Duvessa


Innate Abilities, Weirdness & Mutations

You are small and have problems with some larger weapons.
You are carnivorous and can eat meat at any time.


Message History

You hit the kobold but do no damage.
The kobold is poisoned.
The kobold hits you but does no damage.
You kill the kobold!
Kikubaaqudgha accepts your kill.
You see here a ring mail.
A magic dart appears from out of thin air!
The magic dart hits you.
* * * LOW HITPOINT WARNING * * *
You see here 11 poisoned needles.
You hear some strange, mumbled words.
An orc wizard appears from thin air!
Reactivating autopickup.
The orc wizard points at you and mumbles some strange words.
The magic dart hits you.
* * * LOW HITPOINT WARNING * * *
The orc wizard miscasts a cantrip.
The orc priest miscasts a cantrip.
The orc wizard gestures at you while chanting.
The magic dart hits you!
You die...
Kikubaaqudgha rasps: "You have failed me!
Welcome... death!"

#.##### #..# #.# #.#
#..# #.# #.########
#.o## #.#
#.##......######...#
#.#
#.##.#...........#.##
#.#
#.##..#....#######..#
#.# #.##..####..####
##o# #.#
#.##...####....## #.#
#.#
#.##....##...#@.###.#
#.# #.
#.###.#.....###..o..##
#.# #.# #.#....#..>.#
#..#...# #.# #.#
#.#.##.##....##.##.#.#
#.# #.#
#.#<...##...##.....#.#
#.# #.#
#.##..###..##.######.##
#.# #.# #.....###.#..#
#..###.###.#
####...#....#
##...(...... #.....####
#..##.###.#


You could see an orc wizard.

Vanquished Creatures
  Eustachio (D:5)
  A dancing weapon (D:4)
  A big kobold (D:5)
  A centaur zombie (D:5)
  A gnoll shaman (D:5)
  4 orc wizards
  A bullfrog skeleton (D:4)
  7 worker ants
  An iguana (D:5)
  7 adders
  4 gnolls
  An ooze (D:1)
  An adder zombie (D:5)
  3 worms
  5 dart slugs
  2 leopard geckos
  20 orcs
  5 bats
  3 giant cockroaches
  13 goblins
  11 hobgoblins
  10 jackals
  3 quokkas
  2 ball pythons
  5 frilled lizards
  10 kobolds
  2 quokka skeletons
  8 rats
133 creatures vanquished.

Vanquished Creatures (collateral kills)
  2 gnolls (D:3)
  An orc (D:5)
3 creatures vanquished.

Vanquished Creatures (others)
  12 dancing weapons
12 creatures vanquished.

Grand Total: 148 creatures vanquished

Notes
Turn   | Place    | Note
-------+----------+-------------------------------------------
     0 | D:1      | FishyPogo the Kobold Enchanter began the quest for the Orb.
     0 | D:1      | Reached XP level 1. HP: 10/10 MP: 3/3
   336 | D:1      | Reached XP level 2. HP: 15/15 MP: 5/5
   697 | D:1      | Reached XP level 3. HP: 19/20 MP: 6/6
  1068 | D:2      | Found a sacrificial altar of Ru.
  1416 | D:1      | Learned a level 3 spell: Tukima's Dance
  1459 | D:2      | Reached XP level 4. HP: 16/24 MP: 8/8
  1880 | D:2      | Found a glowing golden altar of the Shining One.
  2280 | D:2      | Reached skill level 1 in Fighting
  2787 | D:3      | Reached XP level 5. HP: 29/29 MP: 9/9
  2850 | D:3      | Reached skill level 5 in Stealth
  2992 | D:3      | Found a deep blue altar of Sif Muna.
  3523 | D:3      | Learned a level 3 spell: Confuse
  3775 | D:3      | Reached skill level 1 in Maces & Flails
  4118 | D:3      | Reached XP level 6. HP: 3/34 MP: 6/10
  5690 | D:4      | Reached XP level 7. HP: 32/39 MP: 12/12
  5902 | D:4      | Found an iron altar of Okawaru.
  6004 | D:5      | Entered Level 5 of the Dungeon
  6199 | D:5      | Noticed Duvessa
  6199 | D:5      | Noticed Dowan
  6249 | D:5      | Reached skill level 6 in Stealth
  6625 | D:5      | Found a staircase to the Ecumenical Temple.
  6637 | Temple   | Entered the Ecumenical Temple
  6733 | Temple   | Became a worshipper of Kikubaaqudgha
  6893 | D:5      | Reached skill level 1 in Throwing
  7122 | D:5      | Noticed Eustachio
  7751 | D:5      | Killed Eustachio
  7751 | D:5      | Reached skill level 5 in Dodging
  7751 | D:5      | Reached XP level 8. HP: 42/44 MP: 4/14
  8079 | D:5      | Reached skill level 7 in Stealth
  8119 | D:5      | Killed from afar by an orc wizard

Skill      XL: |  1  2  3  4  5  6  7  8 |
---------------+-------------------------+-----
Dodging        | 3 4 5 |  5.3
Spellcasting   | 3 4 |  4.1
Fighting       | 1 2 |  2.0
Short Blades   | 2 3 |  3.7
Stealth        | 5 6 7 |  7.0
Maces & Flails | 1 |  1.3
Hexes          | 4 |  4.4
Throwing       | 1 |  1.7

Action                   |  1- 3 |  4- 6 |  7- 9 || total
-------------------------+-------+-------+-------++-------
Melee: Dagger            |    36 |    12 |       ||    48
       Whip              |    53 |   126 |   114 ||   293
       Short sword       |       |    70 |    34 ||   104
Throw: Stone             |       |       |     4 ||     4
 Cast: Corona            |     4 |       |       ||     4
       Tukima's Dance    |       |     9 |    26 ||    35
       Confuse           |       |    18 |    19 ||    37
  Use: Scroll            |     1 |     4 |     1 ||     6
 Stab: Sleeping          |    10 |    19 |     3 ||    32
       Confused          |       |     2 |     1 ||     3
  Eat: Chunk             |    10 |    16 |     9 ||    35
Armor: Robe              |    13 |    26 |    17 ||    56
Dodge: Dodged            |    57 |   171 |   108 ||   336
